 Dungeon Crawl Stone Soup version 0.29-a0-472-ge5599a681e (webtiles) character file.

Game seed: 16388211568789467077

1369 omnomnOMINOUS the Conjurer (level 8, 0/54 HPs)
             Began as an Octopode Wanderer on May 20, 2022.
             Was a Priest of Nemelex Xobeh.
             Slain by a gnoll
             ... wielding a +0 whip
              (8 damage)
             ... on level 5 of the Dungeon on May 22, 2022.
             The game lasted 00:22:54 (6450 turns).

omnomnOMINOUS the Conjurer (Octopode Wanderer)      Turns: 6450, Time: 00:22:56

Health: 0/54       AC:  1    Str: 10    XL:     8   Next: 65%
Magic:  14/14      EV: 14    Int: 23    God:    Nemelex Xobeh [***...]
Gold:   251        SH:  0    Dex: 12    Spells: 8/15 levels left

rFire   . . .      SeeInvis .   a - +0 scimitar (elec)
rCold   . . .      Faith    .   (no shield)
rNeg    + . .      Spirit   .   x - +0 hat
rPois   +          Reflect  .   (no amulet)
rElec   .          Harm     .   k - ring of wizardry
rCorr   .          Rampage  .   l - +4 ring of slaying
Will    .....                   q - +6 ring of intelligence
Stlth   ++........              B - ring of positive energy
HPRegen 0.18/turn               F - ring of poison resistance
MPRegen 0.14/turn               (no ring)
                                (no ring)
                                (no ring)

@: no status effects
A: almost no armour, amphibious, 8 rings, camouflage 1, gelatinous body 1,
(nimble swimmer 1), tentacles
a: Renounce Religion, Draw Escape, Draw Destruction, Draw Summoning, Triple Draw


You were on level 5 of the Dungeon.
You worshipped Nemelex Xobeh.
Nemelex Xobeh was most pleased with you.
You visited 1 branch of the dungeon, and saw 6 of its levels.

You collected 251 gold pieces.

Inventory:

Hand Weapons
 a - a +0 scimitar of electrocution (weapon)
 b - a +1 quarterstaff of holy wrath
 c - a +0 short sword of draining
 d - a +0 vorpal long sword
 C - a +0 spear
 D - a +0 dagger
Armour
 p - a +0 buckler
 t - an orb of energy
 x - a +0 hat (worn)
Jewellery
 k - a ring of wizardry (left tentacle)
 l - a +4 ring of slaying (right tentacle)
 q - a +6 ring of intelligence (on tentacle)
 B - a ring of positive energy (on tentacle)
 F - a ring of poison resistance (on tentacle)
Wands
 r - a wand of flame (12)
Scrolls
 e - a scroll of magic mapping {unknown}
 f - 2 scrolls of fog {unknown}
 h - 2 scrolls of fear
 i - a scroll of summoning
 j - 3 scrolls of identify {unknown}
 m - a scroll of blinking {unknown}
 u - a scroll of enchant armour {unknown}
 y - 2 scrolls of teleportation
 A - a scroll of poison {unknown}
Potions
 g - a potion of mutation {unknown}
 n - 2 potions of degeneration {unknown}
 o - 2 potions of might {unknown}
 s - 2 potions of cancellation {unknown}
 v - 2 potions of heal wounds
 w - 3 potions of attraction {unknown}
 z - a potion of resistance {unknown}
 E - a potion of curing {unknown}


   Skills:
 + Level 4.0 Fighting
 - Level 1.0 Throwing
 + Level 5.2 Dodging
 - Level 4.0 Spellcasting
 + Level 6.4 Conjurations
 + Level 2.5 Translocations
 - Level 2.0 Ice Magic
 + Level 3.1 Invocations


You had 8 spell levels left.
You knew the following spells:

 Your Spells              Type           Power      Damage    Failure   Level
a - Magic Dart            Conj           100%       1d8       1%          1
b - Blink                 Tloc           32%        N/A       2%          2
c - Iskenderun's Mystic   Conj/Tloc      25%        2d7       7%          4

Your spell library contained the following spells:

 Spells                   Type           Power      Damage    Failure   Level
 Freeze                   Ice            52%        1d7       1%          1
 Static Discharge         Conj/Air       19%        N/A       1%          2
 Ensorcelled Hibernation  Hex/Ice        18%        N/A       4%          2
 Lesser Beckoning         Tloc           16%        N/A       4%          3
 Frozen Ramparts          Ice            26%        1d4       6%          3
 Spider Form              Tmut/Pois      4%         N/A       12%         3
 Anguish                  Hex/Necr       2%         N/A       38%         4
 Manifold Assault         Tloc           16%        N/A       38%         5
 Storm Form               Tmut/Air       2%         N/A       100%        7


Dungeon Overview and Level Annotations

Branches:
Dungeon (6/15)
 Temple: D:4-7

Altars:
Elyvilon
Fedhas
Makhleb
Nemelex Xobeh
Uskayaw
Xom

Shops:
D:3 [


Innate Abilities, Weirdness & Mutations

You cannot wear most types of armour.
You are amphibious.
You can wear up to eight rings at the same time.
Your skin changes colour to match your surroundings (Stealth+).
Your rubbery body absorbs attacks. (AC +1, EV +1)
((You are camouflaged when in or above water. (Stealth+)))
You have tentacles for arms and can constrict up to eight enemies at once.


Message History

Something shouts, "Tremble, thou gleeking shard-borne jarkman!"
You closely miss the howler monkey. You grab the howler monkey.
The howler monkey is severely wounded.
You constrict the howler monkey. The howler monkey hits you.
The howler monkey misses you.
You slash the howler monkey!
You kill the howler monkey!
Your Fighting skill increases to level 4!
You start resting.
Magic restored.
A gnoll comes into view. It is wielding a +0 spear.
Casting: Magic Dart (safe; 1% risk of failure)
Confirm with . or Enter, or press ? or * to list all spells.
Aiming: Magic Dart (safe; 1% risk of failure)
Press: ? - help, Shift-Dir - straight line, f - gnoll
Aim: a gnoll, wielding a +0 spear (wandering, hasn't noticed you, 100% to hit)
The magic dart hits the gnoll but does no damage.
You hear a shout!
A gnoll comes into view. It is wielding a +0 whip.
Unknown command.
The gnoll hits you with a +0 spear.
The gnoll hits you from afar with a +0 spear.
There is a stone staircase leading up here.
The gnoll hits you with a +0 spear! The gnoll misses you.
There is a stone staircase leading up, spattered with blood here.
The gnoll completely misses you. The gnoll hits you with a +0 whip.
You climb upwards.
There is a stone staircase leading down here.
Unknown command.
You hit the gnoll. You grab the gnoll. You squeeze the gnoll.
The gnoll is heavily wounded.
You constrict the gnoll, but do no damage.
The gnoll hits you with a +0 whip! The gnoll hits you with a +0 spear.
You hit the gnoll. Lightning courses through the gnoll!
You kill the gnoll!
The gnoll hits you with a +0 whip!
* * * LOW HITPOINT WARNING * * *
The gnoll hits you with a +0 whip!
You die...
Your body glows slightly and disappears.

≈≈≈≈........# #.#
≈≈≈≈........# #.#
≈≈≈.........# #.#
≈≈..#####...# #.#
...######.#########.#
...###.##.....##....#
.......##.....##.####
...###.#......##)#
...............g@#
...#####.###.#####
...# #...#.# ...#
#####.#.## ...#
#........#
...###........#
....<#........#
...###...>....# ...#
#........#


You could see a gnoll.

Vanquished Creatures
  An ice beast (D:6)
  A sky beast (D:6)
  A black bear (D:5)
  2 ogres (D:5)
  2 necrophages (D:4)
  3 scorpions
  3 howler monkeys
  A crimson imp (D:4)
  A jelly (D:5)
  An orc priest (D:5)
  3 hounds
  Ijyb (D:3)
  An orc wizard (D:5)
  3 iguanas (D:5)
  2 gnolls (D:5)
  3 adders
  A white imp (D:5)
  An ufetubus (D:5)
  2 worms
  3 dart slugs
  12 orcs
  11 ball pythons
  4 bats
  7 endoplasms
  2 giant cockroaches
  6 goblins
  A hobgoblin (D:3)
  2 jackals (D:1)
  A quokka (D:5)
  6 frilled lizards
  6 kobolds
  6 rats
100 creatures vanquished.

Vanquished Creatures (collateral kills)
  A necrophage (D:5)
  An ufetubus (D:5)
2 creatures vanquished.

Vanquished Creatures (others)
  A plant (D:5)
1 creature vanquished.

Grand Total: 103 creatures vanquished

Notes
Turn   | Place    | Note
-------+----------+-------------------------------------------
     0 | D:1      | omnomnOMINOUS the Octopode Wanderer began the quest for the
                  | Orb.
     0 | D:1      | omnomnOMINOUS set off with the following items: a +0
                  | dagger, a potion of heal wounds, a +0 hat; and the
                  | following spells available to memorise: Magic Dart, Freeze,
                  | Static Discharge, Frozen Ramparts, Iskenderun's Mystic
                  | Blast
     0 | D:1      | Reached XP level 1. HP: 11/11 MP: 2/2
     2 | D:1      | Learned a level 1 spell: Magic Dart
   176 | D:1      | Found a faded altar of an unknown god.
   185 | D:1      | Prayed at the altar of an unknown god.
   185 | D:1      | Became a worshipper of Nemelex Xobeh the Trickster
   185 | D:1      | Reached * piety under Nemelex Xobeh
   185 | D:1      | Received a gift from Nemelex Xobeh
   206 | D:1      | Upgraded the game from 0.29-a0-459-g97dee8cd24 to
                  | 0.29-a0-468-ge57f7f99b4
   566 | D:1      | Reached XP level 2. HP: 18/18 MP: 0/3
  1585 | D:2      | Reached XP level 3. HP: 14/22 MP: 1/5
  2068 | D:2      | Reached ** piety under Nemelex Xobeh
  2846 | D:3      | Noticed Ijyb
  2858 | D:3      | Killed Ijyb
  2859 | D:3      | Reached skill level 1 in Fighting
  2859 | D:3      | Reached XP level 4. HP: 24/28 MP: 1/7
  2907 | D:3      | Found Caikirar's Antique Armour Shoppe.
  3252 | D:4      | Noticed a necrophage
  3386 | D:4      | You fall into a shaft and drop 1 floor!
  3386 | D:5      | Entered Level 5 of the Dungeon
  3386 | D:5      | Reached *** piety under Nemelex Xobeh
  3395 | D:5      | Noticed a scorpion
  3542 | D:5      | Learned a level 2 spell: Blink
  3947 | D:5      | Noticed a necrophage
  3959 | D:5      | Reached XP level 5. HP: 20/33 MP: 8/8
  3966 | D:5      | Reached skill level 4 in Conjurations
  3987 | D:5      | Reached XP level 6. HP: 9/39 MP: 1/10
  4660 | D:4      | Noticed a +0 dagger
  4660 | D:4      | Noticed a +0 dagger
  4686 | D:4      | Found a hide-covered altar of Uskayaw.
  4720 | D:4      | Reached skill level 5 in Conjurations
  4720 | D:4      | Reached XP level 7. HP: 45/45 MP: 5/12
  5032 | D:4      | Found a burning altar of Makhleb.
  5032 | D:4      | Found a shimmering altar of Xom.
  5137 | D:4      | Upgraded the game from 0.29-a0-468-ge57f7f99b4 to
                  | 0.29-a0-472-ge5599a681e
  5205 | D:5      | Reached skill level 1 in Invocations
  5210 | D:5      | Learned a level 4 spell: Iskenderun's Mystic Blast
  5253 | D:5      | Found a blossoming altar of Fedhas.
  5346 | D:5      | Found a white marble altar of Elyvilon.
  5511 | D:6      | Reached skill level 1 in Translocations
  5625 | D:6      | Noticed a two-headed ogre
  5754 | D:5      | Reached XP level 8. HP: 52/52 MP: 9/14
  5807 | D:5      | Reached skill level 6 in Conjurations
  6125 | D:5      | Reached skill level 5 in Dodging
  6450 | D:5      | Slain by a gnoll

Illustrated notes

Levels and vault maps discovered:
D:1:      noname_arrival_rooms_in_the_neighbourhood, layout_rooms,
          ebering_ecumenical_altar_webs, amcnicky_mini_pool_small
D:2:      layout_loops_corners
D:3:      layout_rooms, serial_shops, shop, uniq_ijyb
D:4:      layout_loops_ring, grunt_temple_overflow_champion_of_chaos,
          dancing_weapons_uskayaw
D:5:      minmay_octagon_keep, layout_basic, fedhas_ov_isle_minmay,
          kennysheep_mini, kennysheep_generic_room_16
D:6:      layout_basic, minmay_temple_entry_mini_moons

Skill      XL: |  1  2  3  4  5  6  7  8 |
---------------+-------------------------+-----
Fighting       | 1 2 3 4 |  4.0
Spellcasting   | 2 3 4 |  4.0
Conjurations   | 4 5 6 |  6.4
Dodging        | 4 5 |  5.2
Invocations    | 1 3 |  3.1
Translocations | 1 2 |  2.5
Throwing       | |  1.0
Ice Magic      | |  2.0

Action                   |  1- 3 |  4- 6 |  7- 9 || total
-------------------------+-------+-------+-------++-------
Melee: Dagger            |    67 |    47 |       ||   114
       Constrict         |    21 |    11 |    11 ||    43
       Tentacles         |     9 |    11 |    11 ||    31
       Punch             |       |     1 |       ||     1
       Quarterstaff      |       |       |    40 ||    40
       Scimitar          |       |       |    11 ||    11
 Cast: Magic Dart        |    24 |    23 |    51 ||    98
       Blink             |       |       |     2 ||     2
       Iskenderun's Myst |       |       |     2 ||     2
Invok: Draw Destruction  |       |     2 |     1 ||     3
Evoke: Wand              |       |       |     2 ||     2
  Use: Potion            |     1 |       |     1 ||     2
       Scroll            |       |     2 |     1 ||     3
 Stab: Sleeping          |     5 |     6 |     3 ||    14
Armor: Skin              |     7 |     1 |     2 ||    10
Dodge: Dodged            |    38 |    26 |    37 ||   101

Table legend: (Time is in decaauts)
 A = Elapsed time spent in this place.
 B = Non-inter-level travel time spent in this place.
 C = Inter-level travel time spent in this place.
 D = Time resting spent in this place.
 E = Time spent auto-exploring this place.
 F = Levels seen in this place.
 G = Mean time per level.
                   A        B        C        D        E       F      G
               +--------+--------+--------+--------+--------+-----+--------+
         Total |   6461 |   6288 |    173 |   2587 |   2603 |   6 | 1076.8 |
       Dungeon |   6461 |   6288 |    173 |   2587 |   2603 |   6 | 1076.8 |
               +--------+--------+--------+--------+--------+-----+--------+

Top non-repeatable levels by time:
     D:5: 1917 daAuts
     D:1: 1530 daAuts
     D:2: 1165 daAuts
     D:4: 975 daAuts
     D:3: 569 daAuts
     D:6: 303 daAuts
